Punishers vs Patriotes
Created - 27 novembre 2013 at 22:17
Goals
|
| Punishers |
0 |
2 |
1 |
3 |
| Patriotes |
0 |
1 |
1 |
2 |
|
Shots
|
| Punishers |
7 |
19 |
9 |
35 |
| Patriotes |
3 |
14 |
7 |
24 |
|
1st period
No Goal
Penalties :
Davis Drewiske (Nyc) for Hooking (Minor) at 3:46
2nd period
1. Punishers , Aaron Palushaj 1 (Tanner Glass, Joe Vitale) at 4:12
2. Punishers , Viktor Stalberg 12 (Alyn McCauley, Chris Conner) at 7:17
3. Patriotes , Ryan White 1 (Tomas Kubalik, Joe Charlebois) at 18:57
Penalties :
Marc-André Bergeron (Pro) for High sticking (Minor) at 16:08
3rd period
4. Patriotes , D.J King 11 (Cory Emmerton) at 1:13
5. Punishers , Marc-André Bergeron 4 (Tom Gilbert, Brandon McMillan) at 11:02
Penalties :
Adam Pineault (Pro) for Hooking (Minor) at 3:44, Tomas Kubalik (Nyc) for Tripping (Minor) at 7:10, Jean-Michel Daoust (Pro) for Roughing (Minor) at 7:10, Cory Emmerton (Nyc) for Hooking (Minor) at 14:05
Goalie Stats
Karri Ramo (Pro), 22 saves from 24 shots - (0,917), W, 8-4-2, 60:00 minutes
Joey MacDonald (Nyc), 32 saves from 35 shots - (0,914), L, 4-4-1, 60:00 minutes
Players Stats for Punishers
Player Name G A P +/- PIM S H SB GA TA FO MP PP MP PK MP
------------------------------------------------------------------------------------
Aaron Palushaj 1 0 1 1 0 1 0 0 0 0 0/0 10:57 0:16 0:00
Adam McQuaid 0 0 0 0 0 0 0 1 0 0 0/0 12:29 0:00 1:04
Adam Pineault 0 0 0 -1 2 2 1 0 1 0 1/1 15:41 1:28 0:00
Alyn McCauley 0 1 1 1 0 3 1 0 0 0 9/25 21:07 1:54 2:02
Brandon McMillan 0 1 1 0 0 0 0 0 0 0 1/3 7:33 0:00 0:00
Chris Conner 0 1 1 1 0 6 2 0 0 0 1/2 20:03 1:54 0:34
Jason Demers 0 0 0 -1 0 1 0 0 0 2 0/0 20:08 1:39 1:39
Jean-Luc Grand-Pierre 0 0 0 -1 0 3 0 1 0 0 0/0 20:08 1:39 1:39
Jean-Michel Daoust 0 0 0 0 2 0 1 0 0 0 0/0 7:53 0:00 0:00
Jimmie Olvestad 0 0 0 -1 0 2 1 0 1 0 1/1 17:42 1:31 1:28
Joe Vitale 0 1 1 1 0 1 3 0 0 0 1/3 13:56 0:06 1:30
John Mitchell 0 0 0 -1 0 1 2 1 0 0 6/7 15:39 1:31 0:00
Justin Falk 0 0 0 0 0 0 0 0 0 0 0/0 4:40 0:00 0:14
Kris Chucko 0 0 0 0 0 2 1 1 0 1 0/0 10:02 0:36 0:27
Marc-André Bergeron 1 0 1 2 2 3 1 1 1 1 0/0 23:25 2:13 1:01
Mark Fraser 0 0 0 0 0 1 0 0 0 0 0/0 12:12 0:23 0:00
Tanner Glass 0 1 1 1 0 0 3 1 0 0 0/0 11:37 0:41 0:00
Tom Gilbert 0 1 1 2 0 4 2 0 3 1 0/0 26:58 2:02 2:19
Viktor Stalberg 1 0 1 1 0 5 1 1 1 2 1/3 21:50 1:57 1:55
Players Stats for Patriotes
Player Name G A P +/- PIM S H SB GA TA FO MP PP MP PK MP
------------------------------------------------------------------------------------
Andreas Nodl 0 0 0 -1 0 2 1 1 0 1 0/1 22:40 2:10 2:04
Andrew Gordon 0 0 0 0 0 2 4 0 0 0 0/0 16:20 1:45 0:51
Brett Skinner 0 0 0 0 0 2 2 2 0 0 0/0 26:23 2:06 1:46
Christian Hanson 0 0 0 0 0 2 1 0 0 0 1/7 15:25 1:45 0:19
Cory Emmerton 0 1 1 -1 2 4 0 0 1 1 13/21 18:46 2:05 0:00
D.J King 1 0 1 -1 0 2 1 0 2 1 3/5 22:34 2:08 2:00
Davis Drewiske 0 0 0 1 2 0 1 2 1 0 0/0 25:58 2:08 1:12
Fedor Fedorov 0 0 0 0 0 5 3 0 2 1 1/2 16:51 1:45 1:40
Joe Charlebois 0 1 1 0 0 0 1 1 0 0 0/0 21:26 1:28 1:47
Lauri Tukonen 0 0 0 -1 0 2 0 0 0 0 0/0 10:40 0:08 0:00
Liam Reddox 0 0 0 1 0 1 1 0 0 0 0/0 9:23 0:00 0:08
Martin St. Pierre 0 0 0 -1 0 0 1 2 0 0 2/4 11:11 0:00 0:54
Nigel Williams 0 0 0 -1 0 0 1 1 0 1 0/0 12:35 0:00 0:59
Philip Larsen 0 0 0 -1 0 0 2 1 0 0 0/0 12:45 0:47 0:25
Ryan White 1 0 1 1 0 1 0 0 0 0 4/5 9:15 0:00 0:00
Ryan Wilson 0 0 0 -1 0 0 0 1 0 2 0/0 21:19 1:27 1:47
T.J Galiardi 0 0 0 -1 0 0 0 0 1 0 0/0 11:00 0:08 0:00
Tomas Kubalik 0 1 1 1 2 1 1 0 0 0 0/0 9:29 0:00 0:00
3 Stars
1 - Viktor Stalberg (Pro)
2 - Marc-André Bergeron (Pro)
3 - Tom Gilbert (Pro)
Power Play
Punishers - 0 on 2 Attempt(s) - 0,00%
Patriotes - 0 on 2 Attempt(s) - 0,00%
Penalty Kill
Punishers - 2 on 2 Attempt(s) - 100,00%
- Score 0 goal in Penalty Kill
Patriotes - 2 on 2 Attempt(s) - 100,00%
- Score 0 goal in Penalty Kill
Official
Referees : Kowal Tom and Peel Tim
Linesman : Brad Kovachik and Scott Driscoll
Game Notes
No Game Note
Finance
Level 1 -- Attendance: 1530 (76,50%) -- Ticket Income 53 550 $
Level 2 -- Attendance: 796 (79,60%) -- Ticket Income 11 940 $
Total Attendance: 2326 (77,53%)
Total Ticket Income: 65 490 $
Other Income: 3 274 $
Total Income: 68 764 $
Punishers
5 vs 5 Forward
Center Left Wing Right Wing Time % Phy DF OF
1 Alyn McCauley Viktor Stalberg Chris Conner 40 1 2 2
2 John Mitchell Jimmie Olvestad Adam Pineault 30 1 2 2
3 Joe Vitale Tanner Glass Aaron Palushaj 20 1 2 2
4 Brandon McMillan Kris Chucko Jean-Michel Daoust 10 1 2 2
5 vs 5 Defense
Defense Defense Time % Phy DF OF
1 Tom Gilbert Marc-André Bergeron 40 1 2 2
2 Jason Demers Jean-Luc Grand-Pierre 30 1 2 2
3 Mark Fraser Adam McQuaid 20 1 2 2
4 Justin Falk Tom Gilbert 10 1 2 2
PowerPlay Forward
Center Left Wing Right Wing Time % Phy DF OF
1 Alyn McCauley Viktor Stalberg Chris Conner 60 1 2 2
2 John Mitchell Jimmie Olvestad Adam Pineault 40 1 2 2
PowerPlay Defense
Defense Defense Time % Phy DF OF
1 Tom Gilbert Marc-André Bergeron 60 1 2 2
2 Jason Demers Jean-Luc Grand-Pierre 40 1 2 2
Penalty Kill 4 Players Forward
Center Wing Time % Phy DF OF
1 Viktor Stalberg Alyn McCauley 60 1 2 2
2 Jimmie Olvestad Chris Conner 40 1 2 2
Penalty Kill 4 Players Defense
Defense Defense Time % Phy DF OF
1 Tom Gilbert Marc-André Bergeron 60 1 2 2
2 Jason Demers Jean-Luc Grand-Pierre 40 1 2 2
Penalty Kill - 3 Players Forward
Forward Time % Phy DF OF
1 Viktor Stalberg 60 1 2 2
2 Alyn McCauley 40 1 2 2
Penalty Kill - 3 Players Defense
Defense Defense Time % Phy DF OF
1 Tom Gilbert Marc-André Bergeron 60 1 2 2
2 Jason Demers Jean-Luc Grand-Pierre 40 1 2 2
4 vs 4 Forward
Center Wing Time % Phy DF OF
1 Viktor Stalberg Alyn McCauley 60 1 2 2
2 Jimmie Olvestad Chris Conner 40 1 2 2
4 vs 4 Defense
Defense Defense Time % Phy DF OF
1 Tom Gilbert Marc-André Bergeron 60 1 2 2
2 Jason Demers Jean-Luc Grand-Pierre 40 1 2 2
Last Minutes Offensive
Center Left Wing Right Wing Defense Defense
Alyn McCauley Viktor Stalberg Chris Conner Tom Gilbert Marc-André Bergeron
Last Minutes Defensive
Center Left Wing Right Wing Defense Defense
Alyn McCauley Viktor Stalberg Chris Conner Tom Gilbert Marc-André Bergeron
Goaltenders
Starting : Karri Ramo
Backup : Kevin Poulin
Extra Forwards
Normal : Tanner Glass, Kris Chucko, Joe Vitale - PP : Tanner Glass, Kris Chucko - PK : Joe Vitale
Extra Defensemen
Normal : Mark Fraser, Adam McQuaid, Justin Falk - PP : Mark Fraser - PK : Adam McQuaid, Justin Falk
Penalty Shots
Viktor Stalberg, Alyn McCauley, Jimmie Olvestad, Chris Conner, John Mitchell
Patriotes
5 vs 5 Forward
Center Left Wing Right Wing Time % Phy DF OF
1 Cory Emmerton D.J King Andreas Nodl 40 1 2 2
2 Christian Hanson Fedor Fedorov Andrew Gordon 30 1 2 2
3 Martin St. Pierre T.J Galiardi Lauri Tukonen 20 1 2 2
4 Ryan White Liam Reddox Tomas Kubalik 10 1 2 2
5 vs 5 Defense
Defense Defense Time % Phy DF OF
1 Brett Skinner Davis Drewiske 40 1 2 2
2 Ryan Wilson Joe Charlebois 30 1 2 2
3 Philip Larsen Nigel Williams 20 1 2 2
4 Brett Skinner Davis Drewiske 10 1 2 2
PowerPlay Forward
Center Left Wing Right Wing Time % Phy DF OF
1 Cory Emmerton D.J King Andreas Nodl 60 1 2 2
2 Christian Hanson Fedor Fedorov Andrew Gordon 40 1 2 2
PowerPlay Defense
Defense Defense Time % Phy DF OF
1 Brett Skinner Davis Drewiske 60 1 2 2
2 Ryan Wilson Joe Charlebois 40 1 2 2
Penalty Kill 4 Players Forward
Center Wing Time % Phy DF OF
1 D.J King Andreas Nodl 60 1 2 2
2 Andrew Gordon Fedor Fedorov 40 1 2 2
Penalty Kill 4 Players Defense
Defense Defense Time % Phy DF OF
1 Brett Skinner Davis Drewiske 60 1 2 2
2 Ryan Wilson Joe Charlebois 40 1 2 2
Penalty Kill - 3 Players Forward
Forward Time % Phy DF OF
1 D.J King 60 1 2 2
2 Andreas Nodl 40 1 2 2
Penalty Kill - 3 Players Defense
Defense Defense Time % Phy DF OF
1 Brett Skinner Davis Drewiske 60 1 2 2
2 Ryan Wilson Joe Charlebois 40 1 2 2
4 vs 4 Forward
Center Wing Time % Phy DF OF
1 D.J King Andreas Nodl 60 1 2 2
2 Andrew Gordon Fedor Fedorov 40 1 2 2
4 vs 4 Defense
Defense Defense Time % Phy DF OF
1 Brett Skinner Davis Drewiske 60 1 2 2
2 Ryan Wilson Joe Charlebois 40 1 2 2
Last Minutes Offensive
Center Left Wing Right Wing Defense Defense
Cory Emmerton D.J King Andreas Nodl Brett Skinner Davis Drewiske
Last Minutes Defensive
Center Left Wing Right Wing Defense Defense
Cory Emmerton D.J King Andreas Nodl Brett Skinner Davis Drewiske
Goaltenders
Starting : Joey MacDonald
Backup : Jason Missiaen
Extra Forwards
Normal : T.J Galiardi, Lauri Tukonen, Martin St. Pierre - PP : T.J Galiardi, Lauri Tukonen - PK : Martin St. Pierre
Extra Defensemen
Normal : Philip Larsen, Nigel Williams, Ryan Wilson - PP : Philip Larsen - PK : Nigel Williams, Ryan Wilson
Penalty Shots
D.J King, Andreas Nodl, Andrew Gordon, Fedor Fedorov, Cory Emmerton
% Time on Ice - Punishers
Lines # - Real PCT - Wanted PCT - Time Play
Normal Forward
1 - 32% - 40% - 15:52
2 - 33% - 30% - 15:55
3 - 20% - 20% - 9:42
4 - 15% - 10% - 7:23
Normal Defense
1 - 39% - 40% - 19:15
2 - 33% - 30% - 15:55
3 - 21% - 20% - 10:29
4 - 7% - 10% - 3:13
PP Forward
1 - 59% - 60% - 2:21
2 - 41% - 40% - 1:37
PP Defense
1 - 58% - 60% - 2:19
2 - 42% - 40% - 1:39
PK Forward
1 - 86% - 60% - 3:24
2 - 14% - 40% - 0:34
PK Defense
1 - 58% - 60% - 2:19
2 - 42% - 40% - 1:39
PK3 Forward
1 - 0% - 60%
2 - 0% - 40%
PK3 Defense
1 - 0% - 60%
2 - 0% - 40%
44 Forward
1 - 76% - 60% - 1:30
2 - 24% - 40% - 0:29
44 Defense
1 - 54% - 60% - 1:04
2 - 46% - 40% - 0:55
Last Minute Offensive - 0:00
Last Minute Defensive - 1:13
Total
Forward - 60:00
Defense - 60:00
|
% Time on Ice - Patriotes
Lines # - Real PCT - Wanted PCT - Time Play
Normal Forward
1 - 33% - 40% - 16:22
2 - 27% - 30% - 13:21
3 - 21% - 20% - 10:05
4 - 19% - 10% - 9:15
Normal Defense
1 - 36% - 40% - 17:50
2 - 35% - 30% - 17:07
3 - 23% - 20% - 11:03
4 - 6% - 10% - 3:03
PP Forward
1 - 56% - 60% - 2:13
2 - 44% - 40% - 1:45
PP Defense
1 - 67% - 60% - 2:40
2 - 33% - 40% - 1:18
PK Forward
1 - 79% - 60% - 3:07
2 - 21% - 40% - 0:51
PK Defense
1 - 62% - 60% - 2:28
2 - 38% - 40% - 1:30
PK3 Forward
1 - 0% - 60%
2 - 0% - 40%
PK3 Defense
1 - 0% - 60%
2 - 0% - 40%
44 Forward
1 - 81% - 60% - 1:36
2 - 19% - 40% - 0:23
44 Defense
1 - 55% - 60% - 1:05
2 - 45% - 40% - 0:54
Last Minute Offensive - 1:02
Last Minute Defensive - 0:00
Total
Forward - 60:00
Defense - 60:00
|
Play by Play
1st period
0:01 of 1st period - Cory Emmerton wins face-off versus Alyn McCauley in neutral zone.
0:12 of 1st period - Snap shot by Viktor Stalberg.
0:12 of 1st period - Stopped by Joey MacDonald with a rebound.
0:17 of 1st period - Icing by D.J King.
0:18 of 1st period - John Mitchell wins face-off versus Cory Emmerton in Patriotes zone.
0:33 of 1st period - Slapshot by Jimmie Olvestad.
0:33 of 1st period - Stopped by Joey MacDonald with a rebound.
1:45 of 1st period - Marc-André Bergeron is hit by Joe Charlebois.
1:53 of 1st period - Ryan Wilson is hit by Tom Gilbert and loses puck.
2:49 of 1st period - Slapshot by Tom Gilbert.
2:49 of 1st period - Stopped by Joey MacDonald without a rebound.
2:50 of 1st period - Brandon McMillan wins face-off versus Ryan White in Patriotes zone.
3:46 of 1st period - Minor Penalty to Davis Drewiske for Hooking.
3:47 of 1st period - D.J King wins face-off versus Alyn McCauley in Patriotes zone.
5:46 of 1st period - Penalty to Davis Drewiske is over, Davis Drewiske is back on ice.
6:58 of 1st period - Mark Fraser is hit by Fedor Fedorov and loses puck.
7:05 of 1st period - Marc-André Bergeron is hit by Christian Hanson and loses puck.
7:36 of 1st period - Snap shot by Liam Reddox.
7:36 of 1st period - Stopped by Karri Ramo with a rebound.
7:56 of 1st period - Tom Gilbert is hit by Andrew Gordon and loses puck.
8:37 of 1st period - Ryan Wilson is hit by Jimmie Olvestad and loses puck.
9:12 of 1st period - Alyn McCauley is hit by Fedor Fedorov and loses puck.
10:13 of 1st period - Slapshot by Marc-André Bergeron.
10:13 of 1st period - Stopped by Joey MacDonald without a rebound.
10:14 of 1st period - Ryan White wins face-off versus Alyn McCauley in Patriotes zone.
11:02 of 1st period - Wrist shot by Fedor Fedorov.
11:02 of 1st period - Shot Misses the Net.
11:08 of 1st period - Fedor Fedorov is hit by Tanner Glass and loses puck.
11:41 of 1st period - D.J King is hit by John Mitchell and loses puck.
11:56 of 1st period - Adam McQuaid is hit by Tomas Kubalik and loses puck.
12:38 of 1st period - Slapshot by Chris Conner.
12:38 of 1st period - Shot Misses the Net.
13:27 of 1st period - Tomas Kubalik is hit by Kris Chucko and loses puck.
14:22 of 1st period - Wrist shot by Cory Emmerton.
14:22 of 1st period - Shot Misses the Net.
14:24 of 1st period - Snap shot by Andreas Nodl.
14:24 of 1st period - Stopped by Karri Ramo without a rebound.
14:25 of 1st period - Alyn McCauley wins face-off versus Christian Hanson in Punishers zone.
14:38 of 1st period - Snap shot by Fedor Fedorov.
14:38 of 1st period - Stopped by Karri Ramo with a rebound.
14:56 of 1st period - Snap shot by Adam Pineault.
14:56 of 1st period - Shot Misses the Net.
15:20 of 1st period - Wrist shot by T.J Galiardi.
15:20 of 1st period - Shot Misses the Net.
15:22 of 1st period - Snap shot by Lauri Tukonen.
15:22 of 1st period - Shot Blocked by Tanner Glass.
16:16 of 1st period - Slapshot by Jimmie Olvestad.
16:16 of 1st period - Stopped by Joey MacDonald with a rebound.
16:18 of 1st period - Slapshot by Jason Demers.
16:18 of 1st period - Stopped by Joey MacDonald with a rebound.
16:22 of 1st period - Snap shot by Jimmie Olvestad.
16:22 of 1st period - Shot Blocked by Joe Charlebois.
16:48 of 1st period - Ryan Wilson is hit by Tanner Glass and loses puck.
17:27 of 1st period - Snap shot by Adam Pineault.
17:27 of 1st period - Shot Hit the Post.
17:29 of 1st period - Snap shot by John Mitchell.
17:29 of 1st period - Shot Misses the Net.
17:33 of 1st period - Snap shot by Adam Pineault.
17:33 of 1st period - Shot Hit the Post.
18:03 of 1st period - Slapshot by Brett Skinner.
18:03 of 1st period - Shot Misses the Net.
18:20 of 1st period - Icing by Joe Vitale.
18:21 of 1st period - Ryan White wins face-off versus Joe Vitale in Punishers zone.
18:34 of 1st period - Snap shot by Tanner Glass.
18:34 of 1st period - Shot Hit the Post.
19:53 of 1st period - Snap shot by Kris Chucko.
19:53 of 1st period - Stopped by Joey MacDonald with a rebound.
2nd period
0:01 of 2nd period - Cory Emmerton wins face-off versus Alyn McCauley in neutral zone.
0:04 of 2nd period - Chris Conner is hit by Andreas Nodl.
0:49 of 2nd period - Wrist shot by Tomas Kubalik.
0:49 of 2nd period - Stopped by Karri Ramo with a rebound.
0:51 of 2nd period - Slapshot by Philip Larsen.
0:51 of 2nd period - Shot Blocked by John Mitchell.
1:15 of 2nd period - Snap shot by Tanner Glass.
1:15 of 2nd period - Shot Blocked by Philip Larsen.
1:17 of 2nd period - Snap shot by Tanner Glass.
1:17 of 2nd period - Shot Blocked by Martin St. Pierre.
1:27 of 2nd period - D.J King is hit by Viktor Stalberg.
1:57 of 2nd period - Wrist shot by Christian Hanson.
1:57 of 2nd period - Shot Blocked by Kris Chucko.
1:59 of 2nd period - Snap shot by Fedor Fedorov.
1:59 of 2nd period - Shot Misses the Net.
2:01 of 2nd period - Snap shot by Fedor Fedorov.
2:01 of 2nd period - Stopped by Karri Ramo without a rebound.
2:02 of 2nd period - Martin St. Pierre wins face-off versus Alyn McCauley in Punishers zone.
2:05 of 2nd period - Snap shot by T.J Galiardi.
2:05 of 2nd period - Shot Misses the Net.
2:07 of 2nd period - Wrist shot by T.J Galiardi.
2:07 of 2nd period - Shot Blocked by Viktor Stalberg.
2:09 of 2nd period - Slapshot by Davis Drewiske.
2:09 of 2nd period - Shot Misses the Net.
2:11 of 2nd period - Slapshot by Davis Drewiske.
2:11 of 2nd period - Shot Blocked by Adam McQuaid.
2:13 of 2nd period - Wrist shot by Martin St. Pierre.
2:13 of 2nd period - Shot Misses the Net.
2:15 of 2nd period - Slapshot by Brett Skinner.
2:15 of 2nd period - Deflect By Alyn McCauley.
2:15 of 2nd period - Stopped by Karri Ramo with a rebound.
3:00 of 2nd period - Slapshot by Andrew Gordon.
3:00 of 2nd period - Stopped by Karri Ramo with a rebound.
3:12 of 2nd period - Wrist shot by Viktor Stalberg.
3:12 of 2nd period - Stopped by Joey MacDonald with a rebound.
3:14 of 2nd period - Wrist shot by Chris Conner.
3:14 of 2nd period - Shot Blocked by Davis Drewiske.
3:16 of 2nd period - Wrist shot by Chris Conner.
3:16 of 2nd period - Stopped by Joey MacDonald without a rebound.
3:17 of 2nd period - Alyn McCauley wins face-off versus Cory Emmerton in Patriotes zone.
3:18 of 2nd period - Slapshot by Viktor Stalberg.
3:18 of 2nd period - Shot Misses the Net.
4:12 of 2nd period - Snap shot by Aaron Palushaj.
4:12 of 2nd period - Goal by Aaron Palushaj - Punishers : 1 - Patriotes : 0.
4:13 of 2nd period - Cory Emmerton wins face-off versus Alyn McCauley in neutral zone.
5:01 of 2nd period - Ryan Wilson is hit by Tanner Glass and loses puck.
5:24 of 2nd period - Snap shot by Kris Chucko.
5:24 of 2nd period - Shot Blocked by Nigel Williams.
5:26 of 2nd period - Slapshot by Jean-Luc Grand-Pierre.
5:26 of 2nd period - Stopped by Joey MacDonald with a rebound.
5:35 of 2nd period - Icing by Liam Reddox.
5:36 of 2nd period - Ryan White wins face-off versus Alyn McCauley in Patriotes zone.
5:43 of 2nd period - Wrist shot by Cory Emmerton.
5:43 of 2nd period - Stopped by Karri Ramo with a rebound.
5:45 of 2nd period - Slapshot by Cory Emmerton.
5:45 of 2nd period - Shot Misses the Net.
5:47 of 2nd period - Snap shot by Nigel Williams.
5:47 of 2nd period - Shot Misses the Net.
5:49 of 2nd period - Snap shot by Cory Emmerton.
5:49 of 2nd period - Stopped by Karri Ramo without a rebound.
5:50 of 2nd period - Alyn McCauley wins face-off versus Andreas Nodl in Punishers zone.
5:55 of 2nd period - Wrist shot by D.J King.
5:55 of 2nd period - Shot Misses the Net.
5:58 of 2nd period - Icing by Tom Gilbert.
5:59 of 2nd period - Cory Emmerton wins face-off versus Chris Conner in Punishers zone.
6:22 of 2nd period - Snap shot by Marc-André Bergeron.
6:22 of 2nd period - Stopped by Joey MacDonald with a rebound.
6:24 of 2nd period - Slapshot by Tom Gilbert.
6:24 of 2nd period - Shot Blocked by Davis Drewiske.
6:26 of 2nd period - Wrist shot by Chris Conner.
6:26 of 2nd period - Stopped by Joey MacDonald without a rebound.
6:27 of 2nd period - John Mitchell wins face-off versus Christian Hanson in Patriotes zone.
6:40 of 2nd period - Snap shot by Andrew Gordon.
6:40 of 2nd period - Stopped by Karri Ramo with a rebound.
7:01 of 2nd period - Slapshot by Tom Gilbert.
7:01 of 2nd period - Deflect By Ryan Wilson.
7:01 of 2nd period - Stopped by Joey MacDonald without a rebound.
7:02 of 2nd period - Cory Emmerton wins face-off versus Alyn McCauley in Patriotes zone.
7:13 of 2nd period - Snap shot by Chris Conner.
7:13 of 2nd period - Shot Blocked by Brett Skinner.
7:15 of 2nd period - Backhand shot by Alyn McCauley.
7:15 of 2nd period - Shot Misses the Net.
7:17 of 2nd period - Snap shot by Viktor Stalberg.
7:17 of 2nd period - Goal by Viktor Stalberg - Punishers : 2 - Patriotes : 0.
7:18 of 2nd period - Alyn McCauley wins face-off versus Cory Emmerton in neutral zone.
7:20 of 2nd period - Off-side.
7:21 of 2nd period - Cory Emmerton wins face-off versus Alyn McCauley in neutral zone.
7:34 of 2nd period - Snap shot by Cory Emmerton.
7:34 of 2nd period - Stopped by Karri Ramo with a rebound.
7:48 of 2nd period - Snap shot by Adam Pineault.
7:48 of 2nd period - Stopped by Joey MacDonald with a rebound.
7:50 of 2nd period - Slapshot by Marc-André Bergeron.
7:50 of 2nd period - Shot Misses the Net.
8:40 of 2nd period - Snap shot by Kris Chucko.
8:40 of 2nd period - Stopped by Joey MacDonald with a rebound.
9:19 of 2nd period - Slapshot by Adam Pineault.
9:19 of 2nd period - Stopped by Joey MacDonald without a rebound.
9:20 of 2nd period - Cory Emmerton wins face-off versus Alyn McCauley in Patriotes zone.
9:35 of 2nd period - Wrist shot by Alyn McCauley.
9:35 of 2nd period - Stopped by Joey MacDonald with a rebound.
9:52 of 2nd period - Slapshot by Tom Gilbert.
9:52 of 2nd period - Stopped by Joey MacDonald with a rebound.
10:03 of 2nd period - Wrist shot by Brett Skinner.
10:03 of 2nd period - Stopped by Karri Ramo without a rebound.
10:04 of 2nd period - John Mitchell wins face-off versus Christian Hanson in Punishers zone.
10:17 of 2nd period - Wrist shot by Andrew Gordon.
10:17 of 2nd period - Shot Misses the Net.
10:19 of 2nd period - Slapshot by Fedor Fedorov.
10:19 of 2nd period - Stopped by Karri Ramo without a rebound.
10:20 of 2nd period - Alyn McCauley wins face-off versus Martin St. Pierre in Punishers zone.
11:06 of 2nd period - Snap shot by Andreas Nodl.
11:06 of 2nd period - Stopped by Karri Ramo without a rebound.
11:07 of 2nd period - Cory Emmerton wins face-off versus Joe Vitale in Punishers zone.
11:10 of 2nd period - Wrist shot by D.J King.
11:10 of 2nd period - Shot Hit the Post.
11:34 of 2nd period - Joe Charlebois is hit by Chris Conner and loses puck.
11:41 of 2nd period - Snap shot by Alyn McCauley.
11:41 of 2nd period - Shot Hit the Post.
11:50 of 2nd period - Icing by Alyn McCauley.
11:51 of 2nd period - John Mitchell wins face-off versus Martin St. Pierre in Punishers zone.
11:51 of 2nd period - John Mitchell is hit by Nigel Williams.
12:04 of 2nd period - Snap shot by Lauri Tukonen.
12:04 of 2nd period - Stopped by Karri Ramo with a rebound.
12:06 of 2nd period - Wrist shot by Lauri Tukonen.
12:06 of 2nd period - Stopped by Karri Ramo without a rebound.
12:07 of 2nd period - Chris Conner wins face-off versus D.J King in Punishers zone.
12:43 of 2nd period - Off-side.
12:44 of 2nd period - Cory Emmerton wins face-off versus Alyn McCauley in neutral zone.
13:19 of 2nd period - Off-side.
13:20 of 2nd period - John Mitchell wins face-off versus Christian Hanson in neutral zone.
13:35 of 2nd period - Wrist shot by Andrew Gordon.
13:35 of 2nd period - Shot Misses the Net.
13:45 of 2nd period - Cory Emmerton is hit by Chris Conner and loses puck.
13:50 of 2nd period - Snap shot by Tom Gilbert.
13:50 of 2nd period - Deflect By Viktor Stalberg.
13:50 of 2nd period - Stopped by Joey MacDonald with a rebound.
14:43 of 2nd period - Wrist shot by Andrew Gordon.
14:43 of 2nd period - Shot Blocked by Jean-Luc Grand-Pierre.
14:53 of 2nd period - Slapshot by Jean-Luc Grand-Pierre.
14:53 of 2nd period - Stopped by Joey MacDonald with a rebound.
14:55 of 2nd period - Slapshot by Jean-Luc Grand-Pierre.
14:55 of 2nd period - Shot Blocked by Ryan Wilson.
15:01 of 2nd period - Snap shot by John Mitchell.
15:01 of 2nd period - Shot Misses the Net.
15:03 of 2nd period - Backhand shot by John Mitchell.
15:03 of 2nd period - Stopped by Joey MacDonald with a rebound.
15:05 of 2nd period - Wrist shot by Jean-Luc Grand-Pierre.
15:05 of 2nd period - Stopped by Joey MacDonald with a rebound.
15:21 of 2nd period - Snap shot by Alyn McCauley.
15:21 of 2nd period - Stopped by Joey MacDonald with a rebound.
16:08 of 2nd period - Minor Penalty to Marc-André Bergeron for High sticking.
16:09 of 2nd period - Cory Emmerton wins face-off versus Viktor Stalberg in Punishers zone.
16:16 of 2nd period - Adam McQuaid is hit by Brett Skinner and loses puck.
16:40 of 2nd period - Jason Demers is hit by Andrew Gordon and loses puck.
18:08 of 2nd period - Penalty to Marc-André Bergeron is over, Marc-André Bergeron is back on ice.
18:44 of 2nd period - Adam Pineault is hit by Philip Larsen.
18:48 of 2nd period - Adam Pineault is hit by Liam Reddox and loses puck.
18:57 of 2nd period - Snap shot by Ryan White.
18:57 of 2nd period - Goal by Ryan White - Punishers : 2 - Patriotes : 1.
18:58 of 2nd period - Cory Emmerton wins face-off versus Alyn McCauley in neutral zone.
19:25 of 2nd period - Tom Gilbert is hit by Brett Skinner and loses puck.
19:44 of 2nd period - Wrist shot by Chris Conner.
19:44 of 2nd period - Stopped by Joey MacDonald with a rebound.
19:59 of 2nd period - Marc-André Bergeron is hit by D.J King and loses puck.
3rd period
0:01 of 3rd period - Alyn McCauley wins face-off versus Cory Emmerton in neutral zone.
0:26 of 3rd period - Brett Skinner is hit by John Mitchell.
0:58 of 3rd period - T.J Galiardi is hit by Tom Gilbert and loses puck.
1:11 of 3rd period - Snap shot by Cory Emmerton.
1:11 of 3rd period - Stopped by Karri Ramo without a rebound.
1:12 of 3rd period - Cory Emmerton wins face-off versus Brandon McMillan in Punishers zone.
1:13 of 3rd period - Backhand shot by D.J King.
1:13 of 3rd period - Goal by D.J King - Punishers : 2 - Patriotes : 2.
1:14 of 3rd period - Alyn McCauley wins face-off versus Cory Emmerton in neutral zone.
1:19 of 3rd period - Snap shot by Viktor Stalberg.
1:19 of 3rd period - Stopped by Joey MacDonald with a rebound.
1:58 of 3rd period - Lauri Tukonen is hit by Joe Vitale and loses puck.
2:20 of 3rd period - Wrist shot by Viktor Stalberg.
2:20 of 3rd period - Deflect By Alyn McCauley.
2:20 of 3rd period - Shot Blocked by Martin St. Pierre.
2:20 of 3rd period - Puck is out of play.
2:21 of 3rd period - Cory Emmerton wins face-off versus Alyn McCauley in Patriotes zone.
2:50 of 3rd period - Jean-Luc Grand-Pierre is hit by Andrew Gordon and loses puck.
2:55 of 3rd period - Wrist shot by Christian Hanson.
2:55 of 3rd period - Shot Misses the Net.
2:57 of 3rd period - Snap shot by Christian Hanson.
2:57 of 3rd period - Shot Misses the Net.
3:17 of 3rd period - Wrist shot by Tanner Glass.
3:17 of 3rd period - Deflect By Joe Vitale.
3:17 of 3rd period - Shot Misses the Net.
3:17 of 3rd period - Puck is out of play.
3:18 of 3rd period - Alyn McCauley wins face-off versus Cory Emmerton in Patriotes zone.
3:40 of 3rd period - Icing by Ryan Wilson.
3:41 of 3rd period - Christian Hanson wins face-off versus John Mitchell in Patriotes zone.
3:41 of 3rd period - Christian Hanson is hit by Adam Pineault.
3:44 of 3rd period - Minor Penalty to Adam Pineault for Hooking.
3:45 of 3rd period - Viktor Stalberg wins face-off versus D.J King in Punishers zone.
3:54 of 3rd period - Wrist shot by Brett Skinner.
3:54 of 3rd period - Shot Misses the Net.
3:56 of 3rd period - Snap shot by Davis Drewiske.
3:56 of 3rd period - Shot Misses the Net.
3:58 of 3rd period - Snap shot by Andreas Nodl.
3:58 of 3rd period - Shot Blocked by Marc-André Bergeron.
4:00 of 3rd period - Wrist shot by D.J King.
4:00 of 3rd period - Stopped by Karri Ramo with a rebound.
5:02 of 3rd period - Marc-André Bergeron is hit by Andrew Gordon and loses puck.
5:27 of 3rd period - Brett Skinner is hit by Joe Vitale and loses puck.
5:44 of 3rd period - Penalty to Adam Pineault is over, Adam Pineault is back on ice.
5:56 of 3rd period - Slapshot by Adam McQuaid.
5:56 of 3rd period - Shot Misses the Net.
7:05 of 3rd period - Icing by Alyn McCauley.
7:06 of 3rd period - Ryan White wins face-off versus Brandon McMillan in Punishers zone.
7:10 of 3rd period - Minor Penalty to Tomas Kubalik for Tripping.
7:10 of 3rd period - Minor Penalty to Jean-Michel Daoust for Roughing.
7:11 of 3rd period - D.J King wins face-off versus Viktor Stalberg in neutral zone.
7:14 of 3rd period - Wrist shot by Andreas Nodl.
7:14 of 3rd period - Shot Misses the Net.
7:24 of 3rd period - Wrist shot by Alyn McCauley.
7:24 of 3rd period - Stopped by Joey MacDonald with a rebound.
9:10 of 3rd period - Penalty to Tomas Kubalik is over, Tomas Kubalik is back on ice.
9:10 of 3rd period - Penalty to Jean-Michel Daoust is over, Jean-Michel Daoust is back on ice.
9:24 of 3rd period - Snap shot by Tom Gilbert.
9:24 of 3rd period - Stopped by Joey MacDonald without a rebound.
9:25 of 3rd period - Adam Pineault wins face-off versus Christian Hanson in Patriotes zone.
9:38 of 3rd period - Slapshot by Christian Hanson.
9:38 of 3rd period - Stopped by Karri Ramo with a rebound.
9:40 of 3rd period - Snap shot by Fedor Fedorov.
9:40 of 3rd period - Stopped by Karri Ramo without a rebound.
9:41 of 3rd period - Martin St. Pierre wins face-off versus Alyn McCauley in Punishers zone.
10:03 of 3rd period - Icing by Alyn McCauley.
10:04 of 3rd period - John Mitchell wins face-off versus Christian Hanson in Punishers zone.
10:55 of 3rd period - Cory Emmerton is hit by Jean-Michel Daoust and loses puck.
11:02 of 3rd period - Snap shot by Marc-André Bergeron.
11:02 of 3rd period - Goal by Marc-André Bergeron - Punishers : 3 - Patriotes : 2.
11:03 of 3rd period - Fedor Fedorov wins face-off versus Alyn McCauley in neutral zone.
11:06 of 3rd period - Wrist shot by Fedor Fedorov.
11:06 of 3rd period - Stopped by Karri Ramo without a rebound.
11:07 of 3rd period - Alyn McCauley wins face-off versus Fedor Fedorov in Punishers zone.
11:22 of 3rd period - Snap shot by Christian Hanson.
11:22 of 3rd period - Stopped by Karri Ramo without a rebound.
11:23 of 3rd period - Jimmie Olvestad wins face-off versus Cory Emmerton in Punishers zone.
11:23 of 3rd period - Jimmie Olvestad is hit by Davis Drewiske.
13:37 of 3rd period - Snap shot by Jason Demers.
13:37 of 3rd period - Shot Misses the Net.
13:43 of 3rd period - Adam Pineault is hit by Fedor Fedorov and loses puck.
14:05 of 3rd period - Minor Penalty to Cory Emmerton for Hooking.
14:06 of 3rd period - D.J King wins face-off versus Alyn McCauley in Patriotes zone.
14:06 of 3rd period - D.J King is hit by Alyn McCauley.
14:18 of 3rd period - Brett Skinner is hit by Marc-André Bergeron and loses puck.
16:05 of 3rd period - Penalty to Cory Emmerton is over, Cory Emmerton is back on ice.
16:10 of 3rd period - Christian Hanson is hit by Joe Vitale and loses puck.
16:21 of 3rd period - Joe Vitale is hit by Philip Larsen and loses puck.
16:57 of 3rd period - Tanner Glass is hit by Martin St. Pierre and loses puck.
18:11 of 3rd period - Snap shot by Tomas Kubalik.
18:11 of 3rd period - Shot Misses the Net.
19:04 of 3rd period - Slapshot by Chris Conner.
19:04 of 3rd period - Stopped by Joey MacDonald with a rebound.
19:06 of 3rd period - Slapshot by Mark Fraser.
19:06 of 3rd period - Stopped by Joey MacDonald with a rebound.
19:08 of 3rd period - Wrist shot by Joe Vitale.
19:08 of 3rd period - Shot Misses the Net.
19:10 of 3rd period - Wrist shot by Chris Conner.
19:10 of 3rd period - Shot Blocked by Andreas Nodl.
19:12 of 3rd period - Slapshot by Chris Conner.
19:12 of 3rd period - Shot Misses the Net.
19:14 of 3rd period - Snap shot by Joe Vitale.
19:14 of 3rd period - Stopped by Joey MacDonald with a rebound.
19:18 of 3rd period - Snap shot by Chris Conner.
19:18 of 3rd period - Stopped by Joey MacDonald with a rebound.
19:38 of 3rd period - Snap shot by Chris Conner.
19:38 of 3rd period - Stopped by Joey MacDonald without a rebound.
19:39 of 3rd period - Brent Sutter call a timeout for Patriotes.
19:39 of 3rd period - Joe Vitale wins face-off versus Cory Emmerton in Patriotes zone.
19:42 of 3rd period - Snap shot by Chris Conner.
19:42 of 3rd period - Shot Blocked by Brett Skinner.
Output by the SimonT Hockey Simulator (STHS) for François Prévost -- Original Page W3C XHTML 1.0 Valid